 Dungeon Crawl Stone Soup version 0.30-a0-166-g5d06c95188 (webtiles) character file.

Game seed: 2612360421146451611

44454 qw the Severer (level 14, -2/92 HPs)
             Began as a Gargoyle Fighter on Sept 28, 2022.
             Was an Elder of Okawaru.
             Slain by a sun demon (14 damage)
             ... summoned by an obsidian statue
             ... on level 5 of the Lair of Beasts.
             The game lasted 00:06:56 (16278 turns).

qw the Severer (Gargoyle Fighter)                  Turns: 16278, Time: 00:06:57

Health: -2/92      AC: 39    Str: 24    XL:     14   Next: 28%
Magic:  14/21      EV:  9    Int: 10    God:    Okawaru [****..]
Gold:   668        SH: 11    Dex:  9    Spells: 13/13 levels left

rFire   . . .      SeeInvis .    s - +3 broad axe (vamp)
rCold   + . .      Faith    .    c - +0 buckler
rNeg    + . .      Spirit   .    t - +0 plate armour
rPois   inf        Reflect  +    i - +1 helmet
rElec   +          Harm     .    (no cloak)
rCorr   .          Rampage  .    e - +2 pair of gloves
Will    +....                    l - +0 pair of boots
Stlth   ..........               z - amulet of reflection
HPRegen 0.25/turn                g - +4 ring of protection
MPRegen 0.17/turn                q - ring of protection from cold

@: about to teleport, heroic, finesse-ful, flying, mesmerised
A: sickness immunity, AC +10, big wings, negative energy resistance 1,
electricity resistance, torment resistance 1, petrification resistance
a: Renounce Religion, Heroism, Finesse


You were on level 5 of the Lair of Beasts.
You worshipped Okawaru.
Okawaru was greatly pleased with you.
You visited 3 branches of the dungeon, and saw 15 of its levels.
You also visited: Ossuary.

You collected 698 gold pieces.
You spent 30 gold pieces at shops.


Innate Abilities, Weirdness & Mutations

You are immune to sickness and miasma.
Your stone body is resilient. (AC +10)
You are immune to poison.
Your large and strong wings let you fly.
You resist negative energy. (rN+)
You are resistant to electric shocks. (rElec)
You are resistant to unholy torment.
You are immune to petrification.


   Skills:
 - Level 12.0(17.0) Fighting
 + Level 15.1(20.1) Axes
 - Level 3.0(8.0) Throwing
 - Level 11.1(16.1) Armour
 - Level 2.0(7.0) Dodging
 - Level 7.3(12.3) Shields
 - Level 10.0 Invocations


You had 13 spell levels left.
You didn't know any spells.
Your spell library was empty.

Inventory:

Hand Weapons
 n - a +0 morningstar
 s - a +3 vampiric broad axe (weapon)
Missiles
 j - 7 boomerangs (quivered)
Armour
 c - a +0 buckler (worn)
 e - a +2 pair of gloves (worn)
 i - a +1 helmet (worn)
 l - a +0 pair of boots (worn)
 r - +0 acid dragon scales
 t - a +0 plate armour (worn)
 x - the +1 pair of boots "Fiank" {rElec rC- Dex+3}
   (You found it on level 9 of the Dungeon)

   Dex:       It affects your dexterity (+3).
   rC:        It makes you vulnerable to cold.
   rElec:     It insulates you from electricity.
 y - a +2 hat of intelligence
Jewellery
 g - a +4 ring of protection (left hand)
 q - a ring of protection from cold (right hand)
 u - a ring of flight
 z - an amulet of reflection (around neck)
Scrolls
 a - 12 scrolls of identify
 h - a scroll of teleportation
Potions
 b - a potion of haste
 d - 3 potions of might
 f - 2 potions of lignification
 k - a potion of cancellation
 m - 3 potions of curing
 o - 3 potions of attraction
 p - a potion of mutation
 v - 2 potions of resistance

Dungeon Overview and Level Annotations

Branches:
Dungeon (9/15)             Temple (1/1) D:6            Lair (5/5) D:9
 Shoals (0/4) Lair:2       Spider (0/4) Lair:2        Slime (0/5) Lair:5
Ossuary (visited)
    Orc: D:9-12

Altars:
Ashenzari
Cheibriados
Dithmenos
Elyvilon
Fedhas
Gozag
Hepliaklqana
Kikubaaqudgha
Makhleb
Nemelex Xobeh
Okawaru
Qazlal
Ru
Sif Muna
Trog
Uskayaw
Vehumet
Wu Jian
Xom
Yredelemnul
Zin
The Shining One

Shops:
D:1 :(![*   D:5 :

Annotations:
D:6 3 runed translucent doors, qw's ghost, novice GrFi
Lair:4 3 runed translucent doors, qw's ghost, journeyman GrFi
Lair:5 1 runed translucent door


Message History

You hit the sun demon but do no damage.
The obsidian statue's eyes glow briefly.
You slice the sun demon!!
The sun demon is heavily wounded.
You closely miss the crimson imp. The sun demon hits you!!
You are engulfed in flames!
You closely miss the sun demon.
The sun demon is heavily wounded.
You closely miss the crimson imp.
The obsidian statue's eyes glow briefly.
You barely miss the sun demon.
The sun demon is heavily wounded.
You hit the crimson imp but do no damage.
You block the crimson imp's attack. The sun demon hits you!!
You are engulfed in flames!
16273 ||| READING 2 scrolls of teleportation.
As you read the scroll of teleportation, it crumbles to dust.
You feel strangely unstable.
The obsidian statue's eyes glow briefly.
You block the sun demon's attack.
The crimson imp blinks!
16274 ||| DRINKING potion of heal wounds.
You feel much better. The sun demon hits you.
You are engulfed in flames!
The crimson imp closely misses you.
You hit the sun demon.
The sun demon is heavily wounded.
You closely miss the crimson imp. You hit the sun demon.
The sun demon is heavily wounded.
You hit the crimson imp. You block the sun demon's attack.
You closely miss the sun demon.
The sun demon is heavily wounded.
You hit the crimson imp.
The crimson imp hits you but does no damage.
You barely miss the sun demon.
The sun demon is heavily wounded.
You completely miss the crimson imp. The sun demon hits you!
You are engulfed in flames!
You die...

#...####.#
7.......#
#...'....#
#7......#
##...0..###
#P.....#
#..[##8..+
#7.....#
##...#####
7....##
#..##
#..####
#...#
#..##.#
7...7
#..##..
77.@7
#......


77357 #...... 55.8+: #...... ###P7#### #....... ###### #........ ..........
........... ........... You could see an obsidian statue (mesmerising), a sun
demon (summoned), an iron imp (summoned) and 2 crimson imps.

Vanquished Creatures
  2 dire elephants (Lair:5)
  Harold (D:9)
  3 catoblepae
  A hydra (Lair:2)
  8 death yaks (Lair:5)
  A boulder beetle (Lair:5)
  A spectral death yak (Lair:5)
  A lindwurm (Lair:5)
  2 necromancers (Lair:5)
  2 merfolk sirens (Lair:2)
  2 torpor snails (Lair:5)
  10 elephants
  2 black mambas
  8 cane toads
  2 rime drakes (Lair:5)
  9 komodo dragons
  A troll (D:9)
  2 burning bushes (Lair:5)
  2 merfolk (Lair:2)
  3 polar bears (Lair:1)
  15 blink frogs
  13 dream sheep
  3 culicivoras (Lair:2)
  A shadow (D:7)
  A wyvern (D:8)
  5 fire bats (Lair:2)
  A dire elephant simulacrum (Lair:5)
  2 basilisks (Lair:1)
  2 steam dragons
  34 yaks
  2 death yak simulacra (Lair:5)
  2 spectral cane toads (Lair:5)
  Menkaure (D:6)
  9 water moccasins
  An acid dragon (D:8)
  An ice beast (D:7)
  2 sky beasts
  3 orc warriors
  A black bear (Lair:1)
  An elephant zombie (Lair:5)
  3 centaurs
  35 wolves
  2 kobold brigands
  14 bullfrogs
  3 scorpions
  A necrophage (D:8)
  A gnoll sergeant (D:9)
  3 cane toad simulacra (Lair:5)
  An elephant simulacrum (Lair:5)
  4 killer bees
  11 howler monkeys
  4 crimson imps (D:5)
  2 centaur zombies (Ossuary)
  A hound (D:5)
  2 human zombies (Ossuary)
  2 jellies
  5 orc priests
  15 iguanas
  10 orc wizards
  5 mummies (Ossuary)
  6 gnolls
  7 adders
  4 shadow imps
  3 white imps
  An ufetubus (D:5)
  2 worms
  A dart slug (D:2)
  28 orcs
  5 endoplasms
  3 giant cockroaches
  4 goblins
  6 hobgoblins
  6 jackals
  11 kobolds
  3 quokkas
  3 ball pythons
  7 bats
  13 frilled lizards (Lair:1)
  2 gnoll zombies (Ossuary)
  2 orc zombies (Ossuary)
  5 rats
  A rat zombie (D:7)
410 creatures vanquished.

Vanquished Creatures (others)
  An orc (D:9)
  2 bushes (Lair:5)
  15 fungi
  51 plants
  19 withered plants (Lair:5)
88 creatures vanquished.

Grand Total: 498 creatures vanquished

Notes
Turn   | Place    | Note
-------+----------+-------------------------------------------
     0 | D:1      | qw the Gargoyle Fighter began the quest for the Orb.
     0 | D:1      | Reached XP level 1. HP: 14/14 MP: 1/1
     0 | D:1      | 0 ||| qw: Version: 0.2-a-12-gaebbb33
     0 | D:1      | 0 ||| qw: Game counter: 959
     0 | D:1      | 0 ||| qw: Always use a shield: true
     0 | D:1      | 0 ||| qw: God list: Okawaru
     0 | D:1      | 0 ||| qw: Allow faded altars: false
     0 | D:1      | 0 ||| qw: Do Orc after D:15 true
     0 | D:1      | 0 ||| qw: Do second Lair branch before Depths: true
     0 | D:1      | 0 ||| qw: Lair rune preference: random
     0 | D:1      | 0 ||| qw: Plans: Normal, Zot:1-4, God:TSO, Crypt, Tomb,
                  | Pan, Slime:5, Hells, Abyss, Orb
     0 | D:1      | 0 ||| PLANNING D:1-11
    23 | D:1      | Found Urosus's Book Shoppe.
    69 | D:1      | Reached skill level 2 in Axes
   166 | D:1      | Found Qextoemm's Distillery.
   176 | D:1      | 176 ||| SHOPLISTING potion of attraction (30 gold, have 8).
   176 | D:1      | 176 ||| SHOPLISTING potion of curing (30 gold, have 8).
   176 | D:1      | 176 ||| SHOPLISTING potion of haste (100 gold, have 8).
   176 | D:1      | 176 ||| SHOPLISTING potion of lignification (30 gold, have
                  | 8).
   176 | D:1      | 176 ||| SHOPLISTING potion of might (40 gold, have 8).
   176 | D:1      | 176 ||| SHOPLISTING potion of mutation (80 gold, have 8).
   249 | D:1      | Found Kedug's Assorted Antiques.
   261 | D:1      | 261 ||| SHOPLISTING brown potion (22 gold, have 15).
   261 | D:1      | 261 ||| SHOPLISTING pair of embroidered boots (187 gold,
                  | have 15).
   261 | D:1      | 261 ||| SHOPLISTING pair of gloves (112 gold, have 15).
   261 | D:1      | 261 ||| SHOPLISTING wooden ring (125 gold, have 15).
   308 | D:1      | Reached XP level 2. HP: 19/19 MP: 2/2
   420 | D:1      | Found Qisomi's Armour Shoppe.
   436 | D:1      | 436 ||| SHOPLISTING +0 chain mail (54 gold, have 39).
   436 | D:1      | 436 ||| SHOPLISTING +0 helmet (54 gold, have 39).
   436 | D:1      | 436 ||| SHOPLISTING +1 cloak of willpower (198 gold, have
                  | 39).
   436 | D:1      | 436 ||| SHOPLISTING +1 pair of boots (138 gold, have 39).
   436 | D:1      | 436 ||| SHOPLISTING +1 ring mail of cold resistance (192
                  | gold, have 39).
   436 | D:1      | 436 ||| SHOPLISTING +3 scale mail of cold resistance (312
                  | gold, have 39).
   436 | D:1      | 436 ||| Stepping ~*~*~tactically~*~*~ (stealth).
   531 | D:1      | Found Pumyehec's Weapon Emporium.
   537 | D:1      | 537 ||| BUYING +0 whip (30 gold).
   537 | D:1      | Bought a +0 whip for 30 gold pieces
   633 | D:1      | 633 ||| DROPPING amulet of faith.
   634 | D:1      | 634 ||| READING 3 scrolls labelled YBOUSHR YZATUW.
   635 | D:1      | 635 ||| READING scroll labelled HOOBO BOUR.
   636 | D:1      | 636 ||| READING scroll labelled JUEKHAKKYO.
   637 | D:1      | 637 ||| READING 2 scrolls of identify.
   637 | D:1      | 637 ||| IDENTIFYING smoky amethyst potion
   638 | D:1      | 638 ||| DROPPING potion of berserk rage.
   693 | D:2      | Reached skill level 3 in Axes
   761 | D:2      | Reached XP level 3. HP: 23/23 MP: 3/3
  1128 | D:2      | Reached XP level 4. HP: 26/28 MP: 4/4
  1426 | D:2      | 1426 ||| UPGRADING to +0 pair of gloves.
  1431 | D:2      | 1431 ||| READING 2 scrolls of identify.
  1431 | D:2      | 1431 ||| IDENTIFYING brown potion
  1478 | D:3      | 1478 ||| Stepping ~*~*~tactically~*~*~ (stealth).
  1486 | D:3      | Reached skill level 4 in Axes
  1488 | D:3      | 1488 ||| DROPPING +0 whip.
  1653 | D:3      | 1653 ||| Stepping ~*~*~tactically~*~*~ (hiding).
  1654 | D:3      | 1654 ||| Stepping ~*~*~tactically~*~*~ (hiding).
  1656 | D:3      | 1656 ||| Stepping ~*~*~tactically~*~*~ (hiding).
  1657 | D:3      | 1657 ||| Stepping ~*~*~tactically~*~*~ (hiding).
  1659 | D:3      | 1659 ||| Stepping ~*~*~tactically~*~*~ (hiding).
  1721 | D:3      | 1721 ||| DROPPING +0 flail.
  1798 | D:3      | Reached XP level 5. HP: 32/32 MP: 5/5
  1914 | D:3      | Found a radiant altar of Vehumet.
  2171 | D:3      | 2171 ||| DROPPING orb of light.
  2172 | D:3      | 2172 ||| UPGRADING to +0 helmet.
  2177 | D:3      | 2177 ||| UPGRADING to +0 chain mail.
  2187 | D:3      | 2187 ||| DROPPING +0 scale mail.
  2188 | D:3      | 2188 ||| UPGRADING to +0 pair of boots.
  2193 | D:3      | 2193 ||| READING 3 scrolls labelled FUOHEG NURUG.
  2194 | D:3      | 2194 ||| READING 2 scrolls of enchant armour.
  2194 | D:3      | 2194 ||| ENCHANTING +0 pair of gloves.
  2195 | D:3      | 2195 ||| READING scroll of enchant armour.
  2195 | D:3      | 2195 ||| ENCHANTING +1 pair of gloves.
  2196 | D:3      | 2196 ||| READING 2 scrolls of identify.
  2196 | D:3      | 2196 ||| IDENTIFYING red potion
  2236 | D:4      | Found a shadowy altar of Dithmenos.
  2293 | D:4      | Found a burning altar of Makhleb.
  2350 | D:4      | Reached skill level 5 in Axes
  2456 | D:4      | Found a broken altar of Ashenzari.
  2509 | D:4      | 2509 ||| READING scroll of enchant armour.
  2509 | D:4      | 2509 ||| ENCHANTING +0 helmet.
  2980 | D:4      | 2980 ||| DROPPING ring of wizardry.
  2981 | D:4      | 2981 ||| READING scroll labelled MOLI KAUCRI.
  2982 | D:4      | 2982 ||| READING scroll labelled BIYCUNKO FUAMM.
  2982 | D:4      | Identified a scroll of acquirement
  2982 | D:4      | 2982 ||| ACQUIRING +4 ring of protection
  2982 | D:4      | Acquired a +4 ring of protection
  2984 | D:4      | 2984 ||| UPGRADING to +4 ring of protection.
  3006 | D:5      | Entered Level 5 of the Dungeon
  3007 | D:5      | You fall into a shaft and drop 1 floor!
  3018 | D:6      | Reached XP level 6. HP: 22/38 MP: 6/6
  3057 | D:6      | 3057 ||| Stepping ~*~*~tactically~*~*~ (stealth).
  3061 | D:6      | 3061 ||| Stepping ~*~*~tactically~*~*~ (stealth).
  3062 | D:6      | 3062 ||| Stepping ~*~*~tactically~*~*~ (hiding).
  3165 | D:6      | 3165 ||| Stepping ~*~*~tactically~*~*~ (stealth).
  3203 | D:6      | Noticed Menkaure
  3210 | D:6      | HP: 4/38 [Menkaure (16)]
  3211 | D:6      | Killed Menkaure
  3212 | D:6      | Reached skill level 6 in Axes
  3510 | D:6      | 3510 ||| Stepping ~*~*~tactically~*~*~ (hiding).
  3519 | D:6      | Reached skill level 1 in Dodging
  3519 | D:6      | Reached XP level 7. HP: 33/43 MP: 7/7
  3534 | D:6      | 3534 ||| Stepping ~*~*~tactically~*~*~ (stealth).
  3535 | D:6      | 3535 ||| Stepping ~*~*~tactically~*~*~ (stealth).
  3545 | D:6      | 3545 ||| Stepping ~*~*~tactically~*~*~ (stealth).
  3589 | D:6      | 3589 ||| READING 3 scrolls of identify.
  3589 | D:6      | 3589 ||| IDENTIFYING glowing green potion
  3590 | D:6      | 3590 ||| READING 2 scrolls of identify.
  3590 | D:6      | 3590 ||| IDENTIFYING green potion
  3591 | D:6      | 3591 ||| DROPPING potion of flight.
  3721 | D:5      | Found a shimmering altar of Xom.
  3724 | D:5      | 3724 ||| Stepping ~*~*~tactically~*~*~ (hiding).
  3733 | D:5      | 3733 ||| Stepping ~*~*~tactically~*~*~ (hiding).
  3736 | D:5      | 3736 ||| DRINKING potion of curing.
  3736 | D:5      | 3736 ||| (to cure confusion)
  3806 | D:5      | Found Jirro's Book Boutique.
  3811 | D:5      | Reached skill level 7 in Axes
  4040 | D:5      | Found a shimmering blue altar of Sif Muna.
  4197 | D:5      | 4197 ||| READING scroll labelled UXTAESISSU.
  4198 | D:5      | 4198 ||| READING 2 scrolls labelled RYETUD JYTAU.
  4199 | D:5      | 4199 ||| READING 2 scrolls of identify.
  4199 | D:5      | 4199 ||| IDENTIFYING sedimented dark potion
  4200 | D:5      | 4200 ||| DROPPING scroll of summoning.
  4364 | D:6      | Reached XP level 8. HP: 49/49 MP: 8/8
  4488 | D:6      | 4488 ||| Stepping ~*~*~tactically~*~*~ (stealth).
  4513 | D:6      | Reached skill level 1 in Throwing
  4558 | D:6      | Found a staircase to the Ecumenical Temple.
  4559 | D:6      | 4559 ||| PLANNING TEMPLE
  4559 | D:6      | 4559 ||| READING scroll labelled PAEMUN BANA.
  4560 | D:6      | 4560 ||| READING 2 scrolls of identify.
  4560 | D:6      | 4560 ||| IDENTIFYING puce potion
  4584 | Temple   | Entered the Ecumenical Temple
  4740 | Temple   | 4740 ||| PLANNING OKAWARU WORSHIP
  4857 | Temple   | Became a worshipper of Warmaster Okawaru
  4858 | Temple   | 4858 ||| PLANNING D:1-11
  4899 | D:6      | Found a runed translucent gate.
  4899 | D:6      | Found a runed translucent gate.
  4899 | D:6      | Found a runed translucent gate.
  5045 | D:6      | Noticed qw's ghost (novice GrFi)
  5063 | D:7      | 5063 ||| PLANNING OSSUARY
  5131 | D:7      | 5131 ||| Stepping ~*~*~tactically~*~*~ (hiding).
  5140 | D:7      | 5140 ||| Stepping ~*~*~tactically~*~*~ (hiding).
  5183 | D:7      | HP: 12/49 [orc priest/divine providence (11)]
  5186 | D:7      | Reached skill level 8 in Axes
  5466 | D:7      | Found a sand-covered staircase.
  5467 | D:7      | 5467 ||| UPGRADING to +0 plate armour.
  5477 | D:7      | 5477 ||| DROPPING +0 chain mail.
  5478 | D:7      | 5478 ||| DROPPING amulet of magic regeneration.
  5479 | D:7      | 5479 ||| READING scroll labelled YFEUXE HIARUZ.
  5480 | D:7      | 5480 ||| READING scroll labelled HUVOKHLOLAM.
  5548 | Ossuary  | Entered an ossuary
  5913 | D:7      | 5913 ||| PLANNING D:1-11
  6068 | D:7      | Reached skill level 6 in Fighting
  6143 | D:7      | Reached * piety under Okawaru
  6144 | D:7      | Reached XP level 9. HP: 55/55 MP: 9/9
  6173 | D:7      | Reached skill level 1 in Invocations
  6350 | D:7      | 6350 ||| Stepping ~*~*~tactically~*~*~ (stealth).
  6351 | D:7      | 6351 ||| Stepping ~*~*~tactically~*~*~ (stealth).
  6636 | D:7      | 6636 ||| READING scroll labelled VAUROU XAUWK.
  6695 | D:7      | 6695 ||| READING scroll labelled DENLUS HETOUCH.
  6696 | D:7      | 6696 ||| DRINKING 2 fuming cyan potions.
  6697 | D:7      | 6697 ||| DROPPING potion of brilliance.
  6841 | D:8      | 6841 ||| INVOKING Heroism.
  6846 | D:8      | Reached skill level 3 in Invocations
  6879 | D:8      | 6879 ||| DROPPING +4 flail.
  6969 | D:8      | 6969 ||| INVOKING Heroism.
  6998 | D:8      | Reached ** piety under Okawaru
  7081 | D:8      | 7081 ||| Stepping ~*~*~tactically~*~*~ (stealth).
  7084 | D:8      | 7084 ||| Stepping ~*~*~tactically~*~*~ (stealth).
  7099 | D:8      | 7099 ||| INVOKING Heroism.
  7110 | D:8      | Reached skill level 9 in Axes
  7111 | D:8      | Reached skill level 6 in Armour
  7138 | D:8      | 7138 ||| Stepping ~*~*~tactically~*~*~ (stealth).
  7146 | D:8      | 7146 ||| Stepping ~*~*~tactically~*~*~ (stealth).
  7181 | D:8      | 7181 ||| Stepping ~*~*~tactically~*~*~ (stealth).
  7186 | D:8      | 7186 ||| FLEEEEING.
  7187 | D:8      | 7187 ||| FLEEEEING.
  7188 | D:8      | 7188 ||| FLEEEEING.
  7189 | D:8      | 7189 ||| FLEEEEING.
  7190 | D:8      | 7190 ||| FLEEEEING.
  7192 | D:8      | 7192 ||| FLEEEEING.
  7193 | D:8      | 7193 ||| FLEEEEING.
  7194 | D:8      | 7194 ||| FLEEEEING.
  7195 | D:8      | 7195 ||| STAIRDANCE
  7297 | D:7      | 7297 ||| UPGRADING to ring of protection from cold.
  7298 | D:7      | 7298 ||| READING 2 scrolls of identify.
  7298 | D:7      | 7298 ||| IDENTIFYING lumpy sapphire potion
  7308 | D:8      | 7308 ||| STAIRDANCE
  7317 | D:7      | 7317 ||| INVOKING Heroism.
  7416 | D:8      | 7416 ||| INVOKING Heroism.
  7500 | D:8      | Reached XP level 10. HP: 63/63 MP: 13/13
  7523 | D:8      | 7523 ||| FLEEEEING.
  7524 | D:8      | 7524 ||| Stepping ~*~*~tactically~*~*~ (stealth).
  7525 | D:8      | 7525 ||| FLEEEEING.
  7526 | D:8      | 7526 ||| FLEEEEING.
  7527 | D:8      | 7527 ||| FLEEEEING.
  7528 | D:8      | 7528 ||| FLEEEEING.
  7529 | D:8      | 7529 ||| FLEEEEING.
  7530 | D:8      | 7530 ||| FLEEEEING.
  7531 | D:8      | 7531 ||| STAIRDANCE
  7711 | D:8      | Found a hazy altar of Hepliaklqana.
  7738 | D:8      | Reached *** piety under Okawaru
  7744 | D:8      | 7744 ||| INVOKING Heroism.
  7746 | D:8      | Reached skill level 10 in Axes
  8056 | D:8      | 8056 ||| Stepping ~*~*~tactically~*~*~ (hiding).
  8057 | D:8      | 8057 ||| Stepping ~*~*~tactically~*~*~ (hiding).
  8219 | D:8      | 8219 ||| READING 2 scrolls of identify.
  8219 | D:8      | 8219 ||| IDENTIFYING clear potion
  8256 | D:9      | Noticed Harold
  8257 | D:9      | 8257 ||| INVOKING Heroism.
  8258 | D:9      | 8258 ||| STAIRDANCE
  8277 | D:9      | 8277 ||| INVOKING Heroism.
  8283 | D:9      | 8283 ||| DRINKING 4 potions of curing.
  8283 | D:9      | 8283 ||| (to cure confusion)
  8311 | D:9      | Reached skill level 3 in Throwing
  8312 | D:9      | 8312 ||| INVOKING Heroism.
  8312 | D:9      | HP: 15/64 [Harold/+1 trident of protection (6)]
  8313 | D:9      | 8313 ||| READING 7 scrolls of teleportation.
  8330 | D:9      | 8330 ||| INVOKING Heroism.
  8332 | D:9      | 8332 ||| READING 6 scrolls of teleportation.
  8332 | D:9      | HP: 13/64 [killer bee (1)]
  8342 | D:9      | 8342 ||| READING 5 scrolls of teleportation.
  8345 | D:9      | 8345 ||| READING 4 scrolls of teleportation.
  8651 | D:9      | 8651 ||| Stepping ~*~*~tactically~*~*~ (stealth).
  8697 | D:9      | Identified the +1 pair of boots "Fiank" {rElec rC- Dex+3}
  8726 | D:9      | Found a glowing silver altar of Zin.
  8767 | D:9      | Found a staircase to the Lair.
  8810 | D:9      | 8810 ||| INVOKING Heroism.
  8823 | D:9      | Killed Harold
  8823 | D:9      | Reached **** piety under Okawaru
  8824 | D:9      | Reached skill level 6 in Shields
  9133 | D:9      | 9133 ||| PLANNING LAIR
  9133 | D:9      | 9133 ||| READING scroll labelled VEIHUA ACECACK.
  9134 | D:9      | 9134 ||| DRINKING 2 pink potions.
  9135 | D:9      | 9135 ||| DROPPING potion of invisibility.
  9148 | Lair:1   | Entered Level 1 of the Lair of Beasts
  9155 | Lair:1   | 9155 ||| INVOKING Heroism.
  9177 | Lair:1   | 9177 ||| INVOKING Heroism.
  9180 | Lair:1   | Received a gift from Okawaru
  9181 | Lair:1   | Reached XP level 11. HP: 43/68 MP: 11/14
  9323 | Lair:1   | 9323 ||| INVOKING Heroism.
  9334 | Lair:1   | Reached skill level 6 in Invocations
  9457 | Lair:1   | 9457 ||| Stepping ~*~*~tactically~*~*~ (stealth).
  9458 | Lair:1   | 9458 ||| INVOKING Heroism.
  9486 | Lair:1   | Reached ***** piety under Okawaru
  9488 | Lair:1   | 9488 ||| Stepping ~*~*~tactically~*~*~ (stealth).
  9492 | Lair:1   | 9492 ||| Stepping ~*~*~tactically~*~*~ (stealth).
  9496 | Lair:1   | 9496 ||| INVOKING Heroism.
  9673 | Lair:1   | 9673 ||| INVOKING Heroism.
  9678 | Lair:1   | Reached skill level 11 in Axes
  9712 | Lair:1   | 9712 ||| Stepping ~*~*~tactically~*~*~ (stealth).
  9713 | Lair:1   | 9713 ||| INVOKING Heroism.
  9867 | Lair:1   | 9867 ||| INVOKING Heroism.
  9909 | Lair:1   | 9909 ||| INVOKING Heroism.
 10030 | Lair:1   | 10030 ||| INVOKING Heroism.
 10330 | Lair:1   | 10330 ||| INVOKING Heroism.
 10382 | Lair:1   | Identified the +5 short sword of Pestilence {venom, +Blink
                  | rCorr Dex+5 Stlth+}
 10448 | Lair:1   | 10448 ||| INVOKING Heroism.
 10453 | Lair:1   | 10453 ||| Stepping ~*~*~tactically~*~*~ (stealth).
 10720 | Lair:1   | Received a gift from Okawaru
 10759 | Lair:1   | 10759 ||| READING scroll labelled YKESIH KAUH.
 10790 | Lair:2   | 10790 ||| INVOKING Heroism.
 10792 | Lair:2   | 10792 ||| STAIRDANCE
 10806 | Lair:2   | 10806 ||| STAIRDANCE
 10809 | Lair:1   | 10809 ||| INVOKING Heroism.
 10841 | Lair:2   | 10841 ||| STAIRDANCE
 10894 | Lair:2   | Noticed a seven-headed hydra
 10895 | Lair:2   | 10895 ||| INVOKING Heroism.
 10896 | Lair:2   | 10896 ||| INVOKING Finesse.
 10898 | Lair:2   | 10898 ||| SWAPPING to +0 morningstar.
 10907 | Lair:2   | Killed a seven-headed hydra
 10908 | Lair:2   | 10908 ||| SWAPPING to +1 war axe of freezing.
 10990 | Lair:2   | Found a staircase to the Shoals.
 10991 | Lair:2   | 10991 ||| Stepping ~*~*~tactically~*~*~ (hiding).
 10994 | Lair:2   | 10994 ||| INVOKING Heroism.
 10998 | Lair:2   | Reached skill level 9 in Fighting
 11012 | Lair:2   | Reached skill level 9 in Invocations
 11027 | Lair:2   | HP: 8/71 [merfolk siren/+0 trident (11)]
 11028 | Lair:2   | 11028 ||| READING 4 scrolls of teleportation.
 11029 | Lair:2   | 11029 ||| DRINKING potion of heal wounds.
 11084 | Lair:2   | 11084 ||| Stepping ~*~*~tactically~*~*~ (stealth).
 11085 | Lair:2   | 11085 ||| Stepping ~*~*~tactically~*~*~ (stealth).
 11117 | Lair:2   | 11117 ||| Stepping ~*~*~tactically~*~*~ (stealth).
 11119 | Lair:2   | 11119 ||| Stepping ~*~*~tactically~*~*~ (stealth).
 11120 | Lair:2   | 11120 ||| Stepping ~*~*~tactically~*~*~ (stealth).
 11121 | Lair:2   | 11121 ||| INVOKING Heroism.
 11129 | Lair:2   | Received a gift from Okawaru
 11130 | Lair:2   | Reached XP level 12. HP: 50/76 MP: 16/18
 11249 | Lair:2   | 11249 ||| SWAPPING to +3 vampiric broad axe.
 11250 | Lair:2   | 11250 ||| DROPPING +1 war axe of freezing.
 11377 | Lair:2   | 11377 ||| Stepping ~*~*~tactically~*~*~ (hiding).
 11394 | Lair:2   | Found a hole to the Spider Nest.
 11403 | Lair:2   | 11403 ||| Stepping ~*~*~tactically~*~*~ (hiding).
 11415 | Lair:2   | 11415 ||| INVOKING Heroism.
 11557 | Lair:2   | 11557 ||| Stepping ~*~*~tactically~*~*~ (stealth).
 11558 | Lair:2   | 11558 ||| INVOKING Heroism.
 11698 | Lair:2   | 11698 ||| Stepping ~*~*~tactically~*~*~ (stealth).
 11700 | Lair:2   | 11700 ||| INVOKING Heroism.
 11817 | Lair:2   | 11817 ||| INVOKING Heroism.
 11865 | Lair:2   | Reached skill level 12 in Axes
 12300 | Lair:3   | 12300 ||| INVOKING Heroism.
 12302 | Lair:3   | 12302 ||| STAIRDANCE
 12314 | Lair:3   | 12314 ||| STAIRDANCE
 12325 | Lair:3   | 12325 ||| STAIRDANCE
 12331 | Lair:2   | Received a gift from Okawaru
 12336 | Lair:3   | 12336 ||| STAIRDANCE
 12343 | Lair:2   | Reached skill level 9 in Armour
 12345 | Lair:3   | 12345 ||| STAIRDANCE
 12345 | Lair:3   | Noticed a seven-headed hydra
 12356 | Lair:3   | 12356 ||| STAIRDANCE
 12373 | Lair:3   | 12373 ||| STAIRDANCE
 12375 | Lair:2   | 12375 ||| INVOKING Heroism.
 12376 | Lair:2   | 12376 ||| SWAPPING to +0 morningstar.
 12377 | Lair:2   | 12377 ||| INVOKING Finesse.
 12377 | Lair:2   | HP: 17/76 [seven-headed hydra (11)]
 12378 | Lair:2   | 12378 ||| READING 3 scrolls of teleportation.
 12378 | Lair:2   | HP: 6/76 [seven-headed hydra (11)]
 12379 | Lair:2   | 12379 ||| DRINKING potion of heal wounds.
 12383 | Lair:2   | 12383 ||| SWAPPING to +3 vampiric broad axe.
 12403 | Lair:2   | 12403 ||| FLEEEEING.
 12404 | Lair:2   | 12404 ||| INVOKING Heroism.
 12405 | Lair:2   | 12405 ||| SWAPPING to +0 morningstar.
 12406 | Lair:2   | 12406 ||| READING 2 scrolls of teleportation.
 12409 | Lair:2   | HP: 5/76 [seven-headed hydra (11)]
 12412 | Lair:2   | 12412 ||| SWAPPING to +3 vampiric broad axe.
 12751 | Lair:3   | 12751 ||| INVOKING Heroism.
 12820 | Lair:3   | 12820 ||| Stepping ~*~*~tactically~*~*~ (stealth).
 12822 | Lair:3   | 12822 ||| Stepping ~*~*~tactically~*~*~ (stealth).
 12824 | Lair:3   | 12824 ||| INVOKING Heroism.
 12827 | Lair:3   | 12827 ||| Stepping ~*~*~tactically~*~*~ (stealth).
 12835 | Lair:3   | 12835 ||| Stepping ~*~*~tactically~*~*~ (stealth).
 12839 | Lair:3   | 12839 ||| Stepping ~*~*~tactically~*~*~ (stealth).
 13418 | Lair:3   | Noticed a catoblepas
 13419 | Lair:3   | 13419 ||| Stepping ~*~*~tactically~*~*~ (stealth).
 13420 | Lair:3   | 13420 ||| Stepping ~*~*~tactically~*~*~ (stealth).
 13431 | Lair:3   | 13431 ||| INVOKING Heroism.
 13432 | Lair:3   | 13432 ||| INVOKING Finesse.
 13445 | Lair:3   | Killed a catoblepas
 13614 | Lair:3   | 13614 ||| UPGRADING to amulet of regeneration.
 13799 | Lair:4   | 13799 ||| INVOKING Heroism.
 13811 | Lair:4   | Reached skill level 13 in Axes
 13890 | Lair:4   | 13890 ||| INVOKING Heroism.
 13920 | Lair:4   | Received a gift from Okawaru
 13921 | Lair:4   | Reached XP level 13. HP: 82/82 MP: 20/20
 13993 | Lair:4   | Noticed qw's ghost (journeyman GrFi)
 13998 | Lair:4   | Found a runed translucent gate.
 13998 | Lair:4   | Found a runed translucent gate.
 13998 | Lair:4   | Found a runed translucent gate.
 14079 | Lair:4   | 14079 ||| Stepping ~*~*~tactically~*~*~ (stealth).
 14080 | Lair:4   | 14080 ||| INVOKING Heroism.
 14192 | Lair:4   | 14192 ||| INVOKING Heroism.
 14568 | Lair:4   | 14568 ||| UPGRADING to amulet of reflection.
 14578 | Lair:4   | 14578 ||| DROPPING amulet of regeneration.
 14579 | Lair:4   | 14579 ||| READING scroll labelled PUTO HONAYB.
 14603 | Lair:5   | Entered Level 5 of the Lair of Beasts
 14692 | Lair:5   | 14692 ||| INVOKING Heroism.
 14696 | Lair:5   | 14696 ||| Stepping ~*~*~tactically~*~*~ (stealth).
 14697 | Lair:5   | 14697 ||| INVOKING Finesse.
 14703 | Lair:5   | 14703 ||| Stepping ~*~*~tactically~*~*~ (hiding).
 14744 | Lair:5   | Received a gift from Okawaru
 14745 | Lair:5   | Reached skill level 14 in Axes
 14787 | Lair:5   | 14787 ||| INVOKING Heroism.
 14788 | Lair:5   | 14788 ||| Stepping ~*~*~tactically~*~*~ (stealth).
 14865 | Lair:5   | 14865 ||| INVOKING Heroism.
 14866 | Lair:5   | 14866 ||| INVOKING Finesse.
 14877 | Lair:5   | Received a gift from Okawaru
 14956 | Lair:5   | 14956 ||| INVOKING Heroism.
 14991 | Lair:5   | 14991 ||| Stepping ~*~*~tactically~*~*~ (stealth).
 14999 | Lair:5   | 14999 ||| INVOKING Heroism.
 15053 | Lair:5   | 15053 ||| INVOKING Heroism.
 15056 | Lair:5   | Received a gift from Okawaru
 15098 | Lair:5   | 15098 ||| INVOKING Heroism.
 15175 | Lair:5   | Found a runed translucent door.
 15176 | Lair:5   | Found a staircase to the Slime Pits.
 15183 | Lair:5   | 15183 ||| INVOKING Heroism.
 15184 | Lair:5   | 15184 ||| INVOKING Finesse.
 15190 | Lair:5   | 15190 ||| Stepping ~*~*~tactically~*~*~ (stealth).
 15193 | Lair:5   | 15193 ||| Stepping ~*~*~tactically~*~*~ (stealth).
 15209 | Lair:5   | Reached skill level 15 in Axes
 15222 | Lair:5   | Gained mutation: Your large and strong wings let you fly.
                  | [Gargoyle growth]
 15222 | Lair:5   | Reached XP level 14. HP: 81/90 MP: 16/21
 15357 | Lair:5   | 15357 ||| Stepping ~*~*~tactically~*~*~ (stealth).
 15477 | Lair:5   | 15477 ||| INVOKING Heroism.
 15478 | Lair:5   | 15478 ||| INVOKING Finesse.
 15540 | Lair:5   | Noticed a dire elephant
 15540 | Lair:5   | Noticed a dire elephant
 15540 | Lair:5   | Noticed a dire elephant
 15540 | Lair:5   | Noticed a dire elephant
 15554 | Lair:5   | 15554 ||| INVOKING Heroism.
 15558 | Lair:5   | Killed a dire elephant
 15645 | Lair:5   | Found the +7 lajatang of Order {silver, rMut}
 15648 | Lair:5   | Noticed a dire elephant
 15649 | Lair:5   | 15649 ||| Stepping ~*~*~tactically~*~*~ (stealth).
 15655 | Lair:5   | 15655 ||| INVOKING Heroism.
 15673 | Lair:5   | Killed a dire elephant
 15777 | Lair:5   | Reached skill level 12 in Fighting
 15804 | Lair:5   | 15804 ||| INVOKING Heroism.
 15925 | Lair:5   | 15925 ||| INVOKING Heroism.
 16181 | Lair:5   | 16181 ||| INVOKING Heroism.
 16182 | Lair:5   | 16182 ||| Stepping ~*~*~tactically~*~*~ (hiding).
 16184 | Lair:5   | 16184 ||| INVOKING Finesse.
 16251 | Lair:5   | 16251 ||| INVOKING Heroism.
 16263 | Lair:5   | 16263 ||| INVOKING Finesse.
 16272 | Lair:5   | HP: 16/92 [sun demon[an obsidian statue] (13)]
 16273 | Lair:5   | 16273 ||| READING 2 scrolls of teleportation.
 16274 | Lair:5   | 16274 ||| DRINKING potion of heal wounds.
 16278 | Lair:5   | HP: 12/92 [sun demon[an obsidian statue] (11)]
 16278 | Lair:5   | Slain by a sun demon

Levels and vault maps discovered:
D:1:      ncdulo_halloftheorcs, layout_basic, serial_shops, shop,
          nicolae_shop_waterfront, nicolae_diamond_shop,
          nicolae_shop_waterfront, nicolae_shop_stone
D:2:      layout_basic
D:3:      minmay_inner_zag, layout_basic, fiery_altar_vehumet,
          corexii_hall_statues_t
D:4:      layout_basic, overflow_temple_1_default, lemuel_tele_altar,
          mainiacjoe_overflow_catwalk
D:5:      layout_rooms, led_xom_imps, mainiacjoe_overflow_24_doors,
          serial_shops, nicolae_shop_advertising_works
          [nicolae_subvault_shop_adworks]
D:6:      layout_basic, minmay_temple_entry_drinking_statues,
          gammafunk_ghost_icy, minmay_circle_x, uniq_menkaure
D:7:      layout_loops_ring, enter_ossuary_3, roderic_lattice_a
D:8:      layout_gridville, worldfamousw_hep_ancestral_shrine,
          minmay_manual_mess
D:9:      layout_rooms, lemuel_coloured_pillars_altar,
          minmay_misc_feat_more_columns, uniq_harold
Temple:   minmay_temple_curvy_branch
Lair:1:   lemuel_reptile_caves, layout_regular_city, cheibrodos_lair_lostbears,
          grunt_megastairs_2
Lair:2:   layout_gridlike, elwin_shoals_entry_stream,
          hellmonk_spider_entry_life_and_decay, beast_lair_carwin_11,
          infiniplex_staircase_pool_2, serial_bayou_shore_b
Lair:3:   layout_loops_ring, grunt_forest_large_clearings
Lair:4:   layout_regular_city, gammafunk_ghost_split, serial_forest,
          infiniplex_forest_clump_tiny, infiniplex_forest_straight_3,
          infiniplex_forest_straight_4, infiniplex_forest_end_2,
          infiniplex_forest_clump_small, infiniplex_forest_lined_room_3,
          infiniplex_forest_lined_4_way, infiniplex_forest_end_2
Lair:5:   due_jungle_book, layout_long_grid, slime_entry_2, serial_forest,
          infiniplex_forest_clump_tiny, infiniplex_forest_straight_3,
          infiniplex_forest_end_1, infiniplex_forest_end_2,
          infiniplex_forest_clump_medium, evilmike_ambush
          [evilmike_ambush_outer_doors, evilmike_ambush_inner_basic]

Skill      XL: |  1  2  3  4  5  6  7  8  9 10 11 12 13 14 |
---------------+-------------------------------------------+-----
Axes           | 2 3 4 5 6 7 8 9 10 11 13 15 | 15.1
Fighting       | 4 5 6 7 8 9 10 11 12 | 12.0
Dodging        | 1 2 |  2.0
Armour         | 5 6 7 8 9 10 11 | 11.1
Throwing       | 1 2 3 |  3.0
Invocations    | 4 5 9 10 | 10.0
Shields        | 4 6 7 |  7.3

Action                   |  1- 3 |  4- 6 |  7- 9 | 10-12 | 13-15 || total
-------------------------+-------+-------+-------+-------+-------++-------
Melee: War axe           |   101 |   125 |   353 |   316 |       ||   895
       Morningstar       |       |       |       |    15 |       ||    15
       Broad axe         |       |       |       |   238 |   443 ||   681
Throw: Boomerang         |       |    24 |    46 |    52 |    62 ||   184
       Javelin           |       |       |    15 |    42 |       ||    57
Invok: Heroism           |       |       |     5 |    35 |    17 ||    57
       Finesse           |       |       |       |     3 |     6 ||     9
  Use: Scroll            |     4 |     8 |    12 |    10 |     2 ||    36
       Potion            |       |       |     2 |     4 |     1 ||     7
 Stab: Petrified         |       |       |       |       |     1 ||     1
Armor: Scale mail        |    62 |    51 |       |       |       ||   113
       Chain mail        |       |    35 |    91 |       |       ||   126
       Plate armour      |       |       |   169 |   427 |   167 ||   763
Dodge: Dodged            |    47 |    61 |   106 |   235 |    87 ||   536
Block: Buckler           |    20 |    21 |    65 |   187 |   144 ||   437
       Reflection        |       |       |       |       |     4 ||     4

Table legend:
 A = Non-vault XP
 B = Vault XP
 C = Vault XP percentage of total XP
 D = Non-vault monster count
 E = Vault monster count
 F = Vault count percentage of total count
                 A         B        C        D         E       F
            +---------+---------+-------+---------+---------+-------
      Total |   42933 |   20574 |  32.4 |     278 |     132 |  32.2
            +---------+---------+-------+---------+---------+-------
        D:1 |      24 |       0 |   0.0 |      14 |       0 |   0.0
        D:2 |      70 |       0 |   0.0 |      24 |       0 |   0.0
        D:3 |      72 |      38 |  34.5 |      13 |       6 |  31.6
        D:4 |      97 |       0 |   0.0 |       6 |       0 |   0.0
        D:5 |     204 |     196 |  49.0 |       9 |       4 |  30.8
        D:6 |     495 |     225 |  31.2 |      20 |       3 |  13.0
        D:7 |    1195 |     283 |  19.1 |      18 |       3 |  14.3
        D:8 |    2241 |     592 |  20.9 |      27 |       6 |  18.2
        D:9 |    1563 |     865 |  35.6 |      29 |       1 |   3.3
     Lair:1 |    3861 |    4107 |  51.5 |      17 |      38 |  69.1
     Lair:2 |    5003 |    3774 |  43.0 |      22 |      20 |  47.6
     Lair:3 |    3249 |    1878 |  36.6 |      11 |      16 |  59.3
     Lair:4 |    5525 |       0 |   0.0 |      21 |       0 |   0.0
     Lair:5 |   19334 |    8343 |  30.1 |      47 |      22 |  31.9
    Ossuary |       0 |     273 | 100.0 |       0 |      13 | 100.0
            +---------+---------+-------+---------+---------+-------
